 Dungeon Crawl Stone Soup version 0.27.1-3-gb3d3a73c9e (webtiles) character file.

Game seed: 9536197129175046389

16 tizbic2 the Ducker (level 2, -1/25 HPs)
             Began as a Djinni Monk on Oct 28, 2021.
             Slain by an adder (3 damage)
             ... on level 2 of the Dungeon.
             The game lasted 00:04:44 (640 turns).

tizbic2 the Ducker (Djinni Monk)                     Turns: 640, Time: 00:04:45

Health: -1/25      AC:  2    Str:  9 (10) XL:     2   Next: 75%
Gold:   53         EV: 13    Int:  9 (11) God:
                   SH:  0    Dex: 12 (15)

rFire    + + .     SeeInvis .   a - +0 falchion
rCold    x . .     Faith    .   (no shield)
rNeg     . . .     Spirit   .   b - +0 robe
rPois    ∞         Reflect  .   (no helmet)
rElec    .         Harm     .   (no cloak)
rCorr    .         Rampage  .   (no gloves)
Will     .....                  (boots unavailable)
Stlth    ++........             (no amulet)
HPRegen  0.08/turn              (no ring)
MPRegen  0.00/turn              (no ring)

@: flying
A: sickness immunity, fire resistance 2, cold vulnerability 1, float, innate
caster, hp casting, extra vitality 1
a: no special abilities


You were on level 2 of the Dungeon.
You visited 1 branch of the dungeon, and saw 2 of its levels.

You collected 53 gold pieces.

Inventory:

Hand Weapons
 a - a +0 falchion (weapon)
Missiles
 c - 35 stones (quivered)
Armour
 b - a +0 robe (worn)
Potions
 d - 2 potions of curing


   Skills:
 * Level 3.2 Fighting
 + Level 2.8 Long Blades
 + Level 3.6 Dodging
 - Level 1.5 Stealth
 * Level 0.7 Shields


You had one spell level left.
You didn't know any spells.
Your spell library was empty.

Dungeon Overview and Level Annotations

Branches:
Dungeon (2/15)

Altars:


Innate Abilities, Weirdness & Mutations

You are immune to sickness and miasma.
You are immune to poison.
Your flesh is very heat resistant. (rF++)
You are vulnerable to cold. (rC-)
You float through the air rather than walking.
You learn spells naturally, not from books.
Your magical power is your life essence.
You have superior vitality. (+4 HP)


Message History

Found Ozocubu's Autobiography and a scroll labelled MEHOASCH JOJEVO.
An adder comes into view.
The adder hisses angrily.
A worm comes into view.
You closely miss the adder. The adder misses you. The adder barely misses you.
You hit the adder.
The adder is moderately wounded.
The adder closely misses you.
You closely miss the adder.
The adder is moderately wounded.
The adder barely misses you. The adder closely misses you.
You hit the adder.
The adder is heavily wounded.
The adder bites you.
You hit the adder.
The adder is heavily wounded.
The adder bites you. x2
You barely miss the adder.
The adder is heavily wounded.
The adder barely misses you.
You hit the adder.
The adder is severely wounded.
The adder bites you. The adder closely misses you.
You completely miss the adder.
The adder is severely wounded.
The adder barely misses you.
You riposte.
You closely miss the adder.
The adder is severely wounded.
You miss the adder.
The adder is severely wounded.
The adder barely misses you. The adder bites you.
You completely miss the adder.
The adder is severely wounded.
The adder bites you.
* * * LOW HITPOINT WARNING * * *
The adder bites you.
* * * LOW HITPOINT WARNING * * *
The adder bites you.
* * * LOW HITPOINT WARNING * * *
The adder bites you.
You die...

# ####........
#.#...w....:..
#..##.#.##........
.......w##........
...####.##........
# #.##.....?.. #.
#.##.....###
#.####S##.....#
#....@.########
###......######
........(^.....
###.....#######
#.###†# #. #. #.#
..#. #.# #.#.# #.#
#.#.# #.#


You could see a worm and an adder.

Vanquished Creatures
  A worm (D:2)
  2 endoplasms
  A giant cockroach (D:1)
  2 hobgoblins (D:1)
  A kobold (D:1)
  A quokka (D:1)
  2 ball pythons (D:1)
  A frilled lizard (D:1)
  A rat (D:2)
12 creatures vanquished.

Notes
Turn   | Place    | Note
-------+----------+-------------------------------------------
     0 | D:1      | tizbic2 the Djinni Monk began the quest for the Orb.
     0 | D:1      | Reached XP level 1. HP: 20/20 MP: 0/0
   169 | D:1      | Reached XP level 2. HP: 19/25 MP: 0/0
   640 | D:2      | Slain by an adder

Illustrated notes

Levels and vault maps discovered:
D:1:      sevenhm_arrival_forest_fort_small_4, layout_basic,
          minmay_misc_feat_chi, minmay_misc_feat_alley, minmay_heptomino_d4
D:2:      layout_basic, serial_shops, nicolae_shop_trees

Action                   || total
-------------------------++-------
Melee: Falchion          ||    43
  Use: Scroll            ||     2
       Potion            ||     1
 Stab: Sleeping          ||     2
Armor: Robe              ||     3
Dodge: Dodged            ||    29
       Rpst.: Falchion   ||     8
